Diables vs Sasquatch
Created - 2 décembre 2016 at 23:15
Goals
|
| Diables |
2 |
2 |
1 |
1 |
6 |
| Sasquatch |
1 |
1 |
3 |
0 |
5 |
|
Shots
|
| Diables |
8 |
13 |
9 |
1 |
31 |
| Sasquatch |
4 |
10 |
13 |
0 |
27 |
|
1st period
1. Diables , Riley Sheahan 4 (Tomas Kubalik, Tyler Cuma) at 6:11
2. Sasquatch , Jonathan Blum 3 (Brock Trotter, Drew Shore) at 8:34
3. Diables , Alexandre Burrows 3 (Tomas Kubalik, Riley Sheahan) at 19:43
Penalties :
Lukas Krajicek (Alm) for Holding Stick (Minor) at 6:26, Kellan Lain (Alm) for Roughing (Minor) at 10:55, Steve Quailer (Alm) for Hooking (Minor) at 13:29, Taylor Beck (Alm) for Holding (Minor) at 17:29
2nd period
4. Diables , Dustin Kohn 3 (Tyler Bozak) at 14:47 (PP)
5. Diables , Craig Smith 2 (Tomas Kubalik) at 16:16
6. Sasquatch , Mikael Backlund 7 (Jason Akeson, Nick Leddy) at 16:30
Penalties :
Lars Eller (Gat) for Hooking (Minor) at 1:26, Lars Eller (Gat) for High sticking (Minor) at 8:37, Garnet Hathaway (Gat) for Roughing (Minor) at 14:46
3rd period
7. Sasquatch , D.J King 6 (Jonathan Blum, Stephane Da Costa) at 1:49
8. Sasquatch , Lars Eller 9 (Yann Sauvé, Stephane Da Costa) at 2:44
9. Sasquatch , Linus Omark 12 (Mikael Backlund, Jason Akeson) at 13:31 (PP)
10. Diables , Tyler Bozak 8 (Tomas Kubalik, Lukas Krajicek) at 15:10 (PP)
Penalties :
Tyler Bozak (Alm) for Hooking (Minor) at 3:09, Riley Sheahan (Alm) for Holding (Minor) at 12:43, Jonathan Blum (Gat) for Hooking (Minor) at 13:58
Overtime #1
11. Diables , Brandon Prust 5 (Dustin Kohn) at 0:53
Penalties :
No Penalty
Goalie Stats
Eddie Lack (Alm), 22 saves from 27 shots - (0,815), W, 4-1-2, 60:53 minutes
Corey Crawford (Gat), 15 saves from 19 shots - (0,789), 36:16 minutes
Jake Allen (Gat), 10 saves from 12 shots - (0,833), OTL, 0-2-1, 24:37 minutes
Players Stats for Diables
Player Name G A P +/- PIM S H SB GA TA FO MP PP MP PK MP
------------------------------------------------------------------------------------
Alexandre Burrows 1 0 1 0 0 2 2 1 0 0 1/1 17:24 1:36 2:31
Ben Hanowski 0 0 0 0 0 1 1 0 1 0 0/0 13:13 0:07 0:00
Benn Ferriero 0 0 0 0 0 0 0 0 0 0 0/0 0:35 0:00 0:00
Boone Jenner 0 0 0 1 0 0 0 0 0 0 2/2 8:47 1:43 0:49
Brandon Prust 1 0 1 1 0 3 4 0 1 0 1/2 13:28 0:17 3:36
Brian Dumoulin 0 0 0 1 0 0 0 1 0 1 0/0 10:32 0:00 0:00
Craig Smith 1 0 1 -1 0 2 1 1 1 0 3/6 13:59 0:49 3:16
Dustin Kohn 1 1 2 -1 0 3 1 1 0 0 0/0 20:48 1:36 3:56
Josh Manson 0 0 0 -1 0 0 0 0 0 0 0/0 4:00 0:00 0:52
Kellan Lain 0 0 0 -1 2 4 0 3 1 1 0/2 24:06 3:11 4:24
Kyle Cumiskey 0 0 0 -1 0 1 2 0 0 0 0/0 20:41 1:36 3:49
Lukas Krajicek 0 1 1 0 2 2 0 2 1 0 0/0 24:45 3:35 4:59
Pavel Valentenko 0 0 0 1 0 1 0 0 0 0 0/0 12:13 0:00 1:41
Riley Sheahan 1 1 2 1 2 1 1 0 0 1 5/9 14:30 0:00 0:16
Steve Quailer 0 0 0 -1 2 1 2 1 0 1 1/2 19:02 1:43 2:00
Taylor Beck 0 0 0 0 2 0 0 0 1 0 0/0 5:26 0:00 0:00
Tomas Kubalik 0 4 4 1 0 4 3 0 0 1 1/1 16:04 2:56 0:00
Tyler Bozak 1 1 2 -1 2 2 0 0 2 1 18/33 24:15 3:11 4:34
Tyler Cuma 0 1 1 0 0 4 0 3 2 0 0/0 28:55 3:35 6:09
Players Stats for Sasquatch
Player Name G A P +/- PIM S H SB GA TA FO MP PP MP PK MP
------------------------------------------------------------------------------------
Andrej Sustr 0 0 0 -2 0 1 1 3 0 2 0/0 20:13 3:37 3:46
Brock Trotter 0 1 1 0 0 3 3 0 0 0 1/1 8:32 0:15 1:21
D.J King 1 0 1 1 0 1 4 1 2 0 0/0 19:58 4:49 3:05
Drew Shore 0 1 1 0 0 1 1 0 0 1 2/10 10:48 0:08 3:21
Garnet Hathaway 0 0 0 2 2 0 3 0 0 0 0/0 12:48 0:15 0:00
Jason Akeson 0 2 2 -1 0 1 4 0 0 1 2/3 20:43 5:39 0:00
Jesper Fast 0 0 0 -1 0 0 1 0 0 0 0/0 6:26 0:00 0:00
Jonathan Blum 1 1 2 2 2 4 4 0 0 2 0/0 28:13 6:28 1:25
Josh Bailey 0 0 0 1 0 0 0 0 1 0 0/0 10:55 0:00 0:25
Lars Eller 1 0 1 1 4 3 3 0 0 0 2/3 10:56 0:00 0:00
Linus Omark 1 0 1 -2 0 2 1 0 2 0 1/2 22:32 5:39 1:06
Mikael Backlund 1 1 2 -1 0 5 5 0 1 1 14/30 21:33 5:46 0:00
Nick Leddy 0 1 1 2 0 2 0 2 0 1 0/0 25:32 5:54 0:00
Radko Gudas 0 0 0 0 0 1 0 1 0 0 0/0 12:02 0:00 1:25
Ryan Strome 0 0 0 1 0 0 2 0 0 0 0/0 14:18 4:49 0:00
Stephane Da Costa 0 2 2 0 0 1 1 0 0 0 4/9 17:43 4:49 1:04
Yann Sauvé 0 1 1 0 0 0 1 3 0 2 0/0 18:45 1:26 3:46
Yannick Weber 0 0 0 -2 0 2 1 0 0 0 0/0 16:20 4:01 0:00
3 Stars
1 - Tomas Kubalik (Alm)
2 - Jonathan Blum (Gat)
3 - Mikael Backlund (Gat)
Power Play
Diables - 2 on 4 Attempt(s) - 50,00%
Sasquatch - 1 on 6 Attempt(s) - 16,67%
Penalty Kill
Diables - 5 on 6 Attempt(s) - 83,33%
- Score 0 goal in Penalty Kill
Sasquatch - 2 on 4 Attempt(s) - 50,00%
- Score 0 goal in Penalty Kill
Team Stat
Diables - Hits : 17 - Faceoff Wins : 32 - Blocked Shots : 13 - Penalty Minutes : 12
Sasquatch - Hits : 35 - Faceoff Wins : 26 - Blocked Shots : 10 - Penalty Minutes : 8
Official
Referees : Peel Tim and Hebert Ghislain
Linesman : Andy McElman and Pierre Racicot
Game Notes
Jake Allen enters game at 16:16 of 2nd period
Radko Gudas is injured at 18:19 of 2nd period (Bruised Left Foot)
14:15 of 3rd period - Diables goal is going for a video replay. After video review, No Goal. The puck has been directed, batted or thrown into the net by an attacking player other than with a stick.
Finance
Level 1 -- Attendance: 1359 (67,95%) -- Ticket Income 47 565 $
Level 2 -- Attendance: 805 (80,50%) -- Ticket Income 12 075 $
Total Attendance: 2164 (72,13%)
Total Ticket Income: 59 640 $
Other Income: 2 982 $
Total Income: 62 622 $
Diables
5 vs 5 Forward
Center Left Wing Right Wing Time % Phy DF OF
1 Tyler Bozak Kellan Lain Steve Quailer 40 1 2 2
2 Riley Sheahan Alexandre Burrows Tomas Kubalik 30 1 2 2
3 Craig Smith Brandon Prust Ben Hanowski 20 1 2 2
4 Boone Jenner Taylor Beck Ben Hanowski 10 1 2 2
5 vs 5 Defense
Defense Defense Time % Phy DF OF
1 Tyler Cuma Lukas Krajicek 40 1 2 2
2 Dustin Kohn Kyle Cumiskey 30 1 2 2
3 Brian Dumoulin Pavel Valentenko 20 1 2 2
4 Josh Manson Tyler Cuma 10 1 2 2
PowerPlay Forward
Center Left Wing Right Wing Time % Phy DF OF
1 Tyler Bozak Kellan Lain Tomas Kubalik 60 1 2 2
2 Boone Jenner Alexandre Burrows Steve Quailer 40 1 2 2
PowerPlay Defense
Defense Defense Time % Phy DF OF
1 Tyler Cuma Lukas Krajicek 60 1 2 2
2 Dustin Kohn Kyle Cumiskey 40 1 2 2
Penalty Kill 4 Players Forward
Center Wing Time % Phy DF OF
1 Tyler Bozak Kellan Lain 60 1 2 2
2 Brandon Prust Steve Quailer 40 1 2 2
Penalty Kill 4 Players Defense
Defense Defense Time % Phy DF OF
1 Tyler Cuma Lukas Krajicek 60 1 2 2
2 Dustin Kohn Kyle Cumiskey 40 1 2 2
Penalty Kill - 3 Players Forward
Forward Time % Phy DF OF
1 Benn Ferriero 60 1 2 2
2 Kellan Lain 40 1 2 2
Penalty Kill - 3 Players Defense
Defense Defense Time % Phy DF OF
1 Tyler Cuma Lukas Krajicek 60 1 2 2
2 Dustin Kohn Pavel Valentenko 40 1 2 2
4 vs 4 Forward
Center Wing Time % Phy DF OF
1 Tyler Bozak Kellan Lain 60 1 2 2
2 Boone Jenner Brandon Prust 40 1 2 2
4 vs 4 Defense
Defense Defense Time % Phy DF OF
1 Tyler Cuma Lukas Krajicek 60 1 2 2
2 Dustin Kohn Kyle Cumiskey 40 1 2 2
Last Minutes Offensive
Center Left Wing Right Wing Defense Defense
Tyler Bozak Kellan Lain Steve Quailer Tyler Cuma Lukas Krajicek
Last Minutes Defensive
Center Left Wing Right Wing Defense Defense
Tyler Bozak Kellan Lain Steve Quailer Tyler Cuma Lukas Krajicek
Goaltenders
Starting : Eddie Lack
Backup : Jean-Francois Berube
Extra Forwards
Normal : Craig Smith, Tomas Kubalik, Boone Jenner - PP : Craig Smith, Tomas Kubalik - PK : Craig Smith
Extra Defensemen
Normal : Brian Dumoulin, Josh Manson, Pavel Valentenko - PP : Brian Dumoulin - PK : Pavel Valentenko, Josh Manson
Penalty Shots
Tyler Bozak, Kellan Lain, Brandon Prust, Steve Quailer, Riley Sheahan
Sasquatch
5 vs 5 Forward
Center Left Wing Right Wing Time % Phy DF OF
1 Mikael Backlund Linus Omark Jason Akeson 40 1 2 2
2 Stephane Da Costa D.J King Garnet Hathaway 30 1 2 2
3 Lars Eller Josh Bailey Ryan Strome 20 1 2 2
4 Drew Shore Brock Trotter Jesper Fast 10 1 2 2
5 vs 5 Defense
Defense Defense Time % Phy DF OF
1 Nick Leddy Radko Gudas 40 1 2 2
2 Yann Sauvé Jonathan Blum 30 1 2 2
3 Yannick Weber Andrej Sustr 20 1 2 2
4 Jonathan Blum Nick Leddy 10 1 2 2
PowerPlay Forward
Center Left Wing Right Wing Time % Phy DF OF
1 Mikael Backlund Linus Omark Jason Akeson 60 1 2 2
2 Stephane Da Costa D.J King Ryan Strome 40 1 2 2
PowerPlay Defense
Defense Defense Time % Phy DF OF
1 Nick Leddy Jonathan Blum 60 1 2 2
2 Yannick Weber Andrej Sustr 40 1 2 2
Penalty Kill 4 Players Forward
Center Wing Time % Phy DF OF
1 Drew Shore D.J King 60 1 2 2
2 Lars Eller Linus Omark 40 1 2 2
Penalty Kill 4 Players Defense
Defense Defense Time % Phy DF OF
1 Andrej Sustr Yann Sauvé 60 1 2 2
2 Jonathan Blum Radko Gudas 40 1 2 2
Penalty Kill - 3 Players Forward
Forward Time % Phy DF OF
1 Lars Eller 60 1 2 2
2 Drew Shore 40 1 2 2
Penalty Kill - 3 Players Defense
Defense Defense Time % Phy DF OF
1 Radko Gudas Andrej Sustr 60 1 2 2
2 Yann Sauvé Jonathan Blum 40 1 2 2
4 vs 4 Forward
Center Wing Time % Phy DF OF
1 Mikael Backlund D.J King 60 1 2 2
2 Stephane Da Costa Linus Omark 40 1 2 2
4 vs 4 Defense
Defense Defense Time % Phy DF OF
1 Andrej Sustr Radko Gudas 60 1 2 2
2 Yann Sauvé Jonathan Blum 40 1 2 2
Last Minutes Offensive
Center Left Wing Right Wing Defense Defense
Mikael Backlund Linus Omark Jason Akeson Nick Leddy Yannick Weber
Last Minutes Defensive
Center Left Wing Right Wing Defense Defense
Drew Shore D.J King Garnet Hathaway Yann Sauvé Andrej Sustr
Goaltenders
Starting : Corey Crawford
Backup : Jake Allen
Extra Forwards
Normal : D.J King, Drew Shore, Brock Trotter - PP : Mikael Backlund, Linus Omark - PK : Brock Trotter
Extra Defensemen
Normal : Jonathan Blum, Radko Gudas, Nick Leddy - PP : Yann Sauvé - PK : Nick Leddy, Yannick Weber
Penalty Shots
Linus Omark, Mikael Backlund, Lars Eller, Jason Akeson, Ryan Strome
% Time on Ice - Diables
Lines # - Real PCT - Wanted PCT - Time Play
Normal Forward
1 - 40% - 40% - 17:26
2 - 32% - 30% - 14:07
3 - 16% - 20% - 7:11
4 - 12% - 10% - 5:22
Normal Defense
1 - 36% - 40% - 15:41
2 - 34% - 30% - 14:54
3 - 24% - 20% - 10:32
4 - 7% - 10% - 2:59
PP Forward
1 - 67% - 60% - 3:28
2 - 33% - 40% - 1:43
PP Defense
1 - 69% - 60% - 3:35
2 - 31% - 40% - 1:36
PK Forward
1 - 72% - 60% - 7:43
2 - 28% - 40% - 3:00
PK Defense
1 - 64% - 60% - 6:54
2 - 36% - 40% - 3:49
PK3 Forward
1 - 0% - 60%
2 - 0% - 40%
PK3 Defense
1 - 0% - 60%
2 - 0% - 40%
44 Forward
1 - 79% - 60% - 0:42
2 - 21% - 40% - 0:11
44 Defense
1 - 58% - 60% - 0:31
2 - 42% - 40% - 0:22
Last Minute Offensive - 0:00
Last Minute Defensive - 0:00
Total
Forward - 60:53
Defense - 60:53
|
% Time on Ice - Sasquatch
Lines # - Real PCT - Wanted PCT - Time Play
Normal Forward
1 - 35% - 40% - 15:35
2 - 26% - 30% - 11:36
3 - 24% - 20% - 10:29
4 - 15% - 10% - 6:26
Normal Defense
1 - 49% - 40% - 21:41
2 - 27% - 30% - 12:00
3 - 20% - 20% - 8:48
4 - 4% - 10% - 1:37
PP Forward
1 - 55% - 60% - 5:54
2 - 45% - 40% - 4:49
PP Defense
1 - 60% - 60% - 6:28
2 - 40% - 40% - 4:15
PK Forward
1 - 79% - 60% - 4:05
2 - 21% - 40% - 1:06
PK Defense
1 - 73% - 60% - 3:46
2 - 27% - 40% - 1:25
PK3 Forward
1 - 0% - 60%
2 - 0% - 40%
PK3 Defense
1 - 0% - 60%
2 - 0% - 40%
44 Forward
1 - 74% - 60% - 0:39
2 - 26% - 40% - 0:14
44 Defense
1 - 100% - 60% - 0:53
2 - 0% - 40% - 0:00
Last Minute Offensive - 0:00
Last Minute Defensive - 0:00
Total
Forward - 60:53
Defense - 60:53
|
Play by Play
1st period
0:01 of 1st period - Mikael Backlund wins face-off versus Kellan Lain in neutral zone.
0:49 of 1st period - Slapshot by Tomas Kubalik.
0:49 of 1st period - Stopped by Corey Crawford with a rebound.
0:55 of 1st period - Craig Smith is hit by Yann Sauvé and loses puck.
1:29 of 1st period - Slapshot by Tyler Bozak.
1:29 of 1st period - Shot Blocked by Andrej Sustr.
1:31 of 1st period - Wrist shot by Lukas Krajicek.
1:31 of 1st period - Deflect By Tyler Bozak.
1:31 of 1st period - Stopped by Corey Crawford without a rebound.
1:32 of 1st period - Mikael Backlund wins face-off versus Tyler Bozak in Sasquatch zone.
1:32 of 1st period - Mikael Backlund is hit by Dustin Kohn.
2:06 of 1st period - Snap shot by Alexandre Burrows.
2:06 of 1st period - Shot Misses the Net.
3:05 of 1st period - Snap shot by Linus Omark.
3:05 of 1st period - Shot Blocked by Brian Dumoulin.
3:18 of 1st period - Off-side.
3:19 of 1st period - Craig Smith wins face-off versus Stephane Da Costa in neutral zone.
3:38 of 1st period - D.J King is hit by Alexandre Burrows and loses puck.
3:45 of 1st period - Tyler Cuma is hit by Garnet Hathaway.
4:04 of 1st period - Snap shot by Tyler Bozak.
4:04 of 1st period - Shot Misses the Net.
5:15 of 1st period - Josh Bailey is hit by Kyle Cumiskey and loses puck.
5:55 of 1st period - Slapshot by Brock Trotter.
5:55 of 1st period - Shot Misses the Net.
5:57 of 1st period - Slapshot by Radko Gudas.
5:57 of 1st period - Shot Blocked by Kellan Lain.
6:01 of 1st period - Wrist shot by Brock Trotter.
6:01 of 1st period - Stopped by Eddie Lack with a rebound.
6:11 of 1st period - Snap shot by Riley Sheahan.
6:11 of 1st period - Goal by Riley Sheahan - Diables : 1 - Sasquatch : 0.
6:12 of 1st period - Mikael Backlund wins face-off versus Tyler Bozak in neutral zone.
6:26 of 1st period - Minor Penalty to Lukas Krajicek for Holding Stick.
6:27 of 1st period - Tyler Bozak wins face-off versus Mikael Backlund in Diables zone.
7:46 of 1st period - Steve Quailer is hit by Stephane Da Costa and loses puck.
8:03 of 1st period - Tyler Bozak is hit by Mikael Backlund and loses puck.
8:26 of 1st period - Penalty to Lukas Krajicek is over, Lukas Krajicek is back on ice.
8:32 of 1st period - Wrist shot by Jonathan Blum.
8:32 of 1st period - Shot Blocked by Craig Smith.
8:34 of 1st period - Slapshot by Jonathan Blum.
8:34 of 1st period - Deflect By Lukas Krajicek.
8:34 of 1st period - Goal by Jonathan Blum - Diables : 1 - Sasquatch : 1.
8:35 of 1st period - Alexandre Burrows wins face-off versus Stephane Da Costa in neutral zone.
8:42 of 1st period - Slapshot by Alexandre Burrows.
8:42 of 1st period - Shot Misses the Net.
8:56 of 1st period - Riley Sheahan is hit by Garnet Hathaway and loses puck.
9:37 of 1st period - Wrist shot by Craig Smith.
9:37 of 1st period - Shot Misses the Net.
10:15 of 1st period - Wrist shot by Tomas Kubalik.
10:15 of 1st period - Shot Misses the Net.
10:21 of 1st period - Snap shot by Tomas Kubalik.
10:21 of 1st period - Stopped by Corey Crawford with a rebound.
10:43 of 1st period - Wrist shot by Brock Trotter.
10:43 of 1st period - Shot Blocked by Tyler Cuma.
10:45 of 1st period - Slapshot by Andrej Sustr.
10:45 of 1st period - Stopped by Eddie Lack without a rebound.
10:46 of 1st period - Stephane Da Costa wins face-off versus Tyler Bozak in Diables zone.
10:53 of 1st period - Wrist shot by Stephane Da Costa.
10:53 of 1st period - Shot Misses the Net.
10:55 of 1st period - Minor Penalty to Kellan Lain for Roughing.
10:56 of 1st period - Tyler Bozak wins face-off versus Mikael Backlund in Diables zone.
10:56 of 1st period - Tyler Bozak is hit by Jason Akeson.
11:08 of 1st period - Slapshot by Craig Smith.
11:08 of 1st period - Stopped by Corey Crawford with a rebound.
11:22 of 1st period - Tyler Cuma is hit by Ryan Strome and loses puck.
12:03 of 1st period - Craig Smith is hit by D.J King and loses puck.
12:55 of 1st period - Penalty to Kellan Lain is over, Kellan Lain is back on ice.
13:06 of 1st period - Pavel Valentenko is hit by Brock Trotter and loses puck.
13:29 of 1st period - Minor Penalty to Steve Quailer for Hooking.
13:30 of 1st period - Tyler Bozak wins face-off versus Mikael Backlund in Diables zone.
13:52 of 1st period - Backhand shot by Brandon Prust.
13:52 of 1st period - Stopped by Corey Crawford without a rebound.
13:53 of 1st period - Stephane Da Costa wins face-off versus Brandon Prust in Sasquatch zone.
14:18 of 1st period - Mikael Backlund is hit by Brandon Prust.
14:22 of 1st period - Slapshot by Nick Leddy.
14:22 of 1st period - Shot Misses the Net.
14:24 of 1st period - Wrist shot by Mikael Backlund.
14:24 of 1st period - Shot Misses the Net.
15:29 of 1st period - Penalty to Steve Quailer is over, Steve Quailer is back on ice.
15:35 of 1st period - Slapshot by Kellan Lain.
15:35 of 1st period - Stopped by Corey Crawford with a rebound.
15:41 of 1st period - Steve Quailer is hit by Brock Trotter and loses puck.
16:42 of 1st period - Riley Sheahan is hit by Jason Akeson and loses puck.
17:29 of 1st period - Minor Penalty to Taylor Beck for Holding.
17:30 of 1st period - Linus Omark wins face-off versus Tyler Bozak in Diables zone.
17:51 of 1st period - Slapshot by Nick Leddy.
17:51 of 1st period - Stopped by Eddie Lack with a rebound.
19:29 of 1st period - Penalty to Taylor Beck is over, Taylor Beck is back on ice.
19:33 of 1st period - Off-side.
19:34 of 1st period - Riley Sheahan wins face-off versus Drew Shore in neutral zone.
19:43 of 1st period - Snap shot by Alexandre Burrows.
19:43 of 1st period - Goal by Alexandre Burrows - Diables : 2 - Sasquatch : 1.
19:44 of 1st period - Mikael Backlund wins face-off versus Tyler Bozak in neutral zone.
Goals for this period are 2 for Diables vs 1 for Sasquatch.
Shots for this period are 8 for Diables vs 4 for Sasquatch.
2nd period
0:01 of 2nd period - Jason Akeson wins face-off versus Tyler Bozak in neutral zone.
0:23 of 2nd period - Icing by Jonathan Blum.
0:24 of 2nd period - Riley Sheahan wins face-off versus Stephane Da Costa in Sasquatch zone.
1:11 of 2nd period - Snap shot by Ben Hanowski.
1:11 of 2nd period - Stopped by Corey Crawford with a rebound.
1:26 of 2nd period - Minor Penalty to Lars Eller for Hooking.
1:27 of 2nd period - Tomas Kubalik wins face-off versus Drew Shore in Sasquatch zone.
3:22 of 2nd period - Drew Shore is hit by Kyle Cumiskey and loses puck.
3:26 of 2nd period - Penalty to Lars Eller is over, Lars Eller is back on ice.
3:39 of 2nd period - Snap shot by Linus Omark.
3:39 of 2nd period - Stopped by Eddie Lack with a rebound.
3:43 of 2nd period - Snap shot by Linus Omark.
3:43 of 2nd period - Shot Blocked by Dustin Kohn.
4:01 of 2nd period - Boone Jenner is hit by D.J King and loses puck.
4:34 of 2nd period - Steve Quailer is hit by D.J King and loses puck.
4:47 of 2nd period - Brandon Prust is hit by Ryan Strome.
4:57 of 2nd period - Slapshot by Yannick Weber.
4:57 of 2nd period - Deflect By Alexandre Burrows.
4:57 of 2nd period - Stopped by Eddie Lack without a rebound.
4:58 of 2nd period - Drew Shore wins face-off versus Riley Sheahan in Diables zone.
5:05 of 2nd period - Wrist shot by Brock Trotter.
5:05 of 2nd period - Stopped by Eddie Lack without a rebound.
5:06 of 2nd period - Tyler Bozak wins face-off versus Mikael Backlund in Diables zone.
5:31 of 2nd period - Kyle Cumiskey is hit by Jonathan Blum.
5:35 of 2nd period - Backhand shot by Dustin Kohn.
5:35 of 2nd period - Stopped by Corey Crawford with a rebound.
5:53 of 2nd period - Snap shot by Lars Eller.
5:53 of 2nd period - Stopped by Eddie Lack without a rebound.
5:54 of 2nd period - Lars Eller wins face-off versus Riley Sheahan in Diables zone.
6:38 of 2nd period - Off-side.
6:39 of 2nd period - Craig Smith wins face-off versus Stephane Da Costa in neutral zone.
6:42 of 2nd period - Slapshot by Tyler Cuma.
6:42 of 2nd period - Stopped by Corey Crawford without a rebound.
6:43 of 2nd period - Stephane Da Costa wins face-off versus Craig Smith in Sasquatch zone.
7:30 of 2nd period - Slapshot by Lukas Krajicek.
7:30 of 2nd period - Stopped by Corey Crawford without a rebound.
7:31 of 2nd period - Riley Sheahan wins face-off versus Lars Eller in Sasquatch zone.
7:32 of 2nd period - Snap shot by Alexandre Burrows.
7:32 of 2nd period - Stopped by Corey Crawford without a rebound.
7:33 of 2nd period - Lars Eller wins face-off versus Riley Sheahan in Sasquatch zone.
7:33 of 2nd period - Lars Eller is hit by Tomas Kubalik.
7:41 of 2nd period - Wrist shot by Tomas Kubalik.
7:41 of 2nd period - Shot Blocked by Radko Gudas.
7:43 of 2nd period - Snap shot by Alexandre Burrows.
7:43 of 2nd period - Shot Misses the Net.
8:22 of 2nd period - Ryan Strome is hit by Alexandre Burrows.
8:37 of 2nd period - Minor Penalty to Lars Eller for High sticking.
8:38 of 2nd period - Tyler Bozak wins face-off versus Drew Shore in Sasquatch zone.
8:38 of 2nd period - Wrist shot by Craig Smith.
8:38 of 2nd period - Shot Blocked by Andrej Sustr.
8:40 of 2nd period - Snap shot by Tyler Cuma.
8:40 of 2nd period - Stopped by Corey Crawford without a rebound.
8:41 of 2nd period - Tyler Bozak wins face-off versus Drew Shore in Sasquatch zone.
10:29 of 2nd period - Andrej Sustr is hit by Craig Smith and loses puck.
10:37 of 2nd period - Penalty to Lars Eller is over, Lars Eller is back on ice.
10:40 of 2nd period - Andrej Sustr is hit by Brandon Prust and loses puck.
10:53 of 2nd period - Kyle Cumiskey is hit by Lars Eller and loses puck.
11:04 of 2nd period - Snap shot by Lars Eller.
11:04 of 2nd period - Deflect By Stephane Da Costa.
11:04 of 2nd period - Stopped by Eddie Lack without a rebound.
11:05 of 2nd period - Brock Trotter wins face-off versus Tyler Bozak in Diables zone.
11:26 of 2nd period - Pavel Valentenko is hit by Jonathan Blum.
11:47 of 2nd period - Icing by Riley Sheahan.
11:48 of 2nd period - Riley Sheahan wins face-off versus Mikael Backlund in Diables zone.
11:57 of 2nd period - Jonathan Blum is hit by Tomas Kubalik and loses puck.
12:18 of 2nd period - Tyler Bozak is hit by Jonathan Blum.
13:08 of 2nd period - Slapshot by Tyler Cuma.
13:08 of 2nd period - Stopped by Corey Crawford with a rebound.
13:10 of 2nd period - Wrist shot by Kyle Cumiskey.
13:10 of 2nd period - Shot Blocked by Nick Leddy.
13:54 of 2nd period - Snap shot by Kellan Lain.
13:54 of 2nd period - Stopped by Corey Crawford with a rebound.
13:56 of 2nd period - Slapshot by Kyle Cumiskey.
13:56 of 2nd period - Deflect By Tyler Bozak.
13:56 of 2nd period - Shot Blocked by Yann Sauvé.
13:56 of 2nd period - Puck is out of play.
13:57 of 2nd period - Tyler Bozak wins face-off versus Mikael Backlund in Sasquatch zone.
13:58 of 2nd period - Snap shot by Steve Quailer.
13:58 of 2nd period - Stopped by Corey Crawford without a rebound.
13:59 of 2nd period - Mikael Backlund wins face-off versus Tyler Bozak in Sasquatch zone.
14:12 of 2nd period - Kellan Lain is hit by Mikael Backlund and loses puck.
14:46 of 2nd period - Minor Penalty to Garnet Hathaway for Roughing.
14:47 of 2nd period - Tyler Bozak wins face-off versus Drew Shore in Sasquatch zone.
14:47 of 2nd period - Slapshot by Dustin Kohn.
14:47 of 2nd period - Goal by Dustin Kohn - Diables : 3 - Sasquatch : 1.
14:48 of 2nd period - Mikael Backlund wins face-off versus Tyler Bozak in neutral zone.
14:55 of 2nd period - Snap shot by Mikael Backlund.
14:55 of 2nd period - Stopped by Eddie Lack with a rebound.
15:07 of 2nd period - Tyler Bozak is hit by Mikael Backlund and loses puck.
15:47 of 2nd period - Slapshot by Radko Gudas.
15:47 of 2nd period - Deflect By Dustin Kohn.
15:47 of 2nd period - Stopped by Eddie Lack without a rebound.
15:48 of 2nd period - Mikael Backlund wins face-off versus Steve Quailer in Diables zone.
15:55 of 2nd period - Mikael Backlund is hit by Steve Quailer and loses puck.
16:14 of 2nd period - Snap shot by Craig Smith.
16:14 of 2nd period - Shot Misses the Net.
16:16 of 2nd period - Snap shot by Craig Smith.
16:16 of 2nd period - Goal by Craig Smith - Diables : 4 - Sasquatch : 1.
16:16 of 2nd period - Jake Allen enters game.
16:17 of 2nd period - Tyler Bozak wins face-off versus Mikael Backlund in neutral zone.
16:24 of 2nd period - Snap shot by Linus Omark.
16:24 of 2nd period - Shot Misses the Net.
16:26 of 2nd period - Backhand shot by Nick Leddy.
16:26 of 2nd period - Shot Blocked by Lukas Krajicek.
16:28 of 2nd period - Wrist shot by Jason Akeson.
16:28 of 2nd period - Stopped by Eddie Lack with a rebound.
16:30 of 2nd period - Snap shot by Mikael Backlund.
16:30 of 2nd period - Goal by Mikael Backlund - Diables : 4 - Sasquatch : 2.
16:31 of 2nd period - Tyler Bozak wins face-off versus Mikael Backlund in neutral zone.
17:30 of 2nd period - Slapshot by Kyle Cumiskey.
17:30 of 2nd period - Deflect By Josh Bailey.
17:30 of 2nd period - Stopped by Jake Allen without a rebound.
17:31 of 2nd period - Tyler Bozak wins face-off versus Mikael Backlund in Sasquatch zone.
18:18 of 2nd period - Radko Gudas is hit by Ben Hanowski and loses puck.
18:19 of 2nd period - Radko Gudas from Sasquatch is injured at 18:19 of 2nd period (Bruised Left Foot).
18:20 of 2nd period - Mikael Backlund wins face-off versus Tyler Bozak in Sasquatch zone.
18:29 of 2nd period - Wrist shot by Linus Omark.
18:29 of 2nd period - Shot Misses the Net.
18:54 of 2nd period - Snap shot by Tomas Kubalik.
18:54 of 2nd period - Shot Misses the Net.
19:12 of 2nd period - Backhand shot by Lars Eller.
19:12 of 2nd period - Stopped by Eddie Lack without a rebound.
19:13 of 2nd period - Tyler Bozak wins face-off versus Mikael Backlund in Diables zone.
19:13 of 2nd period - Tyler Bozak is hit by Mikael Backlund.
19:25 of 2nd period - Snap shot by Steve Quailer.
19:25 of 2nd period - Shot Misses the Net.
19:27 of 2nd period - Snap shot by Pavel Valentenko.
19:27 of 2nd period - Stopped by Jake Allen with a rebound.
19:29 of 2nd period - Slapshot by Pavel Valentenko.
19:29 of 2nd period - Deflect By Steve Quailer.
19:29 of 2nd period - Shot Blocked by Nick Leddy.
19:29 of 2nd period - Puck is out of play.
19:30 of 2nd period - Stephane Da Costa wins face-off versus Riley Sheahan in Sasquatch zone.
19:37 of 2nd period - Slapshot by Tyler Cuma.
19:37 of 2nd period - Shot Misses the Net.
19:41 of 2nd period - Backhand shot by Alexandre Burrows.
19:41 of 2nd period - Shot Misses the Net.
19:43 of 2nd period - Slapshot by Tyler Cuma.
19:43 of 2nd period - Shot Misses the Net.
Goals for this period are 2 for Diables vs 1 for Sasquatch.
Shots for this period are 13 for Diables vs 10 for Sasquatch.
3rd period
0:01 of 3rd period - Mikael Backlund wins face-off versus Tyler Bozak in neutral zone.
0:10 of 3rd period - Snap shot by Linus Omark.
0:10 of 3rd period - Shot Blocked by Lukas Krajicek.
0:12 of 3rd period - Slapshot by Jason Akeson.
0:12 of 3rd period - Shot Misses the Net.
0:14 of 3rd period - Snap shot by Linus Omark.
0:14 of 3rd period - Deflect By Jason Akeson.
0:14 of 3rd period - Shot Hit the Post.
0:14 of 3rd period - Puck is out of play.
0:15 of 3rd period - Riley Sheahan wins face-off versus Stephane Da Costa in Diables zone.
0:24 of 3rd period - Lukas Krajicek is hit by Garnet Hathaway and loses puck.
0:50 of 3rd period - Snap shot by Mikael Backlund.
0:50 of 3rd period - Stopped by Eddie Lack without a rebound.
0:51 of 3rd period - Jason Akeson wins face-off versus Craig Smith in Diables zone.
1:16 of 3rd period - Kellan Lain is hit by D.J King.
1:47 of 3rd period - Slapshot by Stephane Da Costa.
1:47 of 3rd period - Shot Blocked by Alexandre Burrows.
1:49 of 3rd period - Slapshot by Jonathan Blum.
1:49 of 3rd period - Deflect By D.J King.
1:49 of 3rd period - Goal by D.J King - Diables : 4 - Sasquatch : 3.
1:50 of 3rd period - Tyler Bozak wins face-off versus Mikael Backlund in neutral zone.
2:44 of 3rd period - Snap shot by Lars Eller.
2:44 of 3rd period - Goal by Lars Eller - Diables : 4 - Sasquatch : 4.
2:45 of 3rd period - Mikael Backlund wins face-off versus Tyler Bozak in neutral zone.
2:47 of 3rd period - Off-side.
2:48 of 3rd period - Mikael Backlund wins face-off versus Tyler Bozak in neutral zone.
2:57 of 3rd period - Slapshot by Mikael Backlund.
2:57 of 3rd period - Stopped by Eddie Lack with a rebound.
2:59 of 3rd period - Snap shot by Mikael Backlund.
2:59 of 3rd period - Shot Blocked by Steve Quailer.
3:01 of 3rd period - Snap shot by Jason Akeson.
3:01 of 3rd period - Shot Blocked by Tyler Cuma.
3:03 of 3rd period - Snap shot by Jonathan Blum.
3:03 of 3rd period - Shot Blocked by Kellan Lain.
3:09 of 3rd period - Minor Penalty to Tyler Bozak for Hooking.
3:10 of 3rd period - Craig Smith wins face-off versus Mikael Backlund in Diables zone.
3:23 of 3rd period - Slapshot by Nick Leddy.
3:23 of 3rd period - Stopped by Eddie Lack with a rebound.
3:25 of 3rd period - Snap shot by Jason Akeson.
3:25 of 3rd period - Shot Blocked by Kellan Lain.
3:43 of 3rd period - Wrist shot by Stephane Da Costa.
3:43 of 3rd period - Shot Blocked by Tyler Cuma.
4:01 of 3rd period - Boone Jenner is hit by Jason Akeson and loses puck.
5:08 of 3rd period - Nick Leddy is hit by Brandon Prust and loses puck.
5:09 of 3rd period - Penalty to Tyler Bozak is over, Tyler Bozak is back on ice.
5:23 of 3rd period - Slapshot by Brock Trotter.
5:23 of 3rd period - Shot Misses the Net.
5:29 of 3rd period - Riley Sheahan is hit by Jesper Fast and loses puck.
5:54 of 3rd period - Andrej Sustr is hit by Brandon Prust and loses puck.
6:18 of 3rd period - Pavel Valentenko is hit by Lars Eller and loses puck.
6:33 of 3rd period - Josh Bailey is hit by Riley Sheahan and loses puck.
6:38 of 3rd period - Wrist shot by Brandon Prust.
6:38 of 3rd period - Shot Misses the Net.
6:40 of 3rd period - Snap shot by Tyler Cuma.
6:40 of 3rd period - Stopped by Jake Allen without a rebound.
6:41 of 3rd period - Boone Jenner wins face-off versus Mikael Backlund in Sasquatch zone.
6:48 of 3rd period - Josh Manson is hit by Jonathan Blum and loses puck.
6:53 of 3rd period - Snap shot by Mikael Backlund.
6:53 of 3rd period - Stopped by Eddie Lack without a rebound.
6:54 of 3rd period - Boone Jenner wins face-off versus Jason Akeson in Diables zone.
7:46 of 3rd period - Garnet Hathaway is hit by Tomas Kubalik and loses puck.
8:11 of 3rd period - Slapshot by Lars Eller.
8:11 of 3rd period - Shot Misses the Net.
8:27 of 3rd period - Riley Sheahan is hit by Mikael Backlund and loses puck.
9:22 of 3rd period - Yann Sauvé is hit by Steve Quailer.
9:38 of 3rd period - Tyler Cuma is hit by Drew Shore and loses puck.
10:00 of 3rd period - Brandon Prust is hit by Jason Akeson and loses puck.
10:56 of 3rd period - Tyler Bozak is hit by Lars Eller and loses puck.
11:11 of 3rd period - Riley Sheahan is hit by Yannick Weber and loses puck.
12:35 of 3rd period - Wrist shot by Jesper Fast.
12:35 of 3rd period - Shot Misses the Net.
12:37 of 3rd period - Wrist shot by Brock Trotter.
12:37 of 3rd period - Shot Misses the Net.
12:43 of 3rd period - Minor Penalty to Riley Sheahan for Holding.
12:44 of 3rd period - Tyler Bozak wins face-off versus Mikael Backlund in Diables zone.
12:55 of 3rd period - Snap shot by Kellan Lain.
12:55 of 3rd period - Shot Misses the Net.
13:15 of 3rd period - Snap shot by D.J King.
13:15 of 3rd period - Shot Misses the Net.
13:17 of 3rd period - Slapshot by Jonathan Blum.
13:17 of 3rd period - Stopped by Eddie Lack without a rebound.
13:18 of 3rd period - Brandon Prust wins face-off versus Linus Omark in Diables zone.
13:31 of 3rd period - Snap shot by Linus Omark.
13:31 of 3rd period - Goal by Linus Omark - Diables : 4 - Sasquatch : 5.
13:32 of 3rd period - Tyler Bozak wins face-off versus Mikael Backlund in neutral zone.
13:37 of 3rd period - Slapshot by Tyler Cuma.
13:37 of 3rd period - Shot Blocked by Yann Sauvé.
13:39 of 3rd period - Slapshot by Kellan Lain.
13:39 of 3rd period - Stopped by Jake Allen without a rebound.
13:40 of 3rd period - Mikael Backlund wins face-off versus Kellan Lain in Sasquatch zone.
13:45 of 3rd period - Slapshot by Jonathan Blum.
13:45 of 3rd period - Stopped by Eddie Lack without a rebound.
13:46 of 3rd period - Steve Quailer wins face-off versus Mikael Backlund in Diables zone.
13:58 of 3rd period - Minor Penalty to Jonathan Blum for Hooking.
13:59 of 3rd period - Tyler Bozak wins face-off versus Drew Shore in Sasquatch zone.
14:13 of 3rd period - Wrist shot by Tyler Bozak.
14:13 of 3rd period - Shot Misses the Net.
14:15 of 3rd period - Slapshot by Kellan Lain.
14:15 of 3rd period - Diables goal is going for a video replay.
14:15 of 3rd period - The goal is refused. The puck has been directed, batted or thrown into the net by an attacking player other than with a stick..
14:16 of 3rd period - Tyler Bozak wins face-off versus Drew Shore in Sasquatch zone.
14:17 of 3rd period - Snap shot by Kellan Lain.
14:17 of 3rd period - Shot Blocked by Andrej Sustr.
14:19 of 3rd period - Snap shot by Kellan Lain.
14:19 of 3rd period - Shot Misses the Net.
14:21 of 3rd period - Snap shot by Tomas Kubalik.
14:21 of 3rd period - Stopped by Jake Allen without a rebound.
14:22 of 3rd period - Drew Shore wins face-off versus Tyler Bozak in Sasquatch zone.
14:40 of 3rd period - Icing by Kellan Lain.
14:41 of 3rd period - Tyler Bozak wins face-off versus Drew Shore in Diables zone.
15:04 of 3rd period - Snap shot by Tomas Kubalik.
15:04 of 3rd period - Shot Misses the Net.
15:06 of 3rd period - Slapshot by Lukas Krajicek.
15:06 of 3rd period - Shot Blocked by Yann Sauvé.
15:08 of 3rd period - Snap shot by Tomas Kubalik.
15:08 of 3rd period - Stopped by Jake Allen with a rebound.
15:10 of 3rd period - Snap shot by Tyler Bozak.
15:10 of 3rd period - Goal by Tyler Bozak - Diables : 5 - Sasquatch : 5.
15:11 of 3rd period - Mikael Backlund wins face-off versus Craig Smith in neutral zone.
15:14 of 3rd period - Slapshot by Jonathan Blum.
15:14 of 3rd period - Stopped by Eddie Lack with a rebound.
15:22 of 3rd period - Slapshot by Tyler Cuma.
15:22 of 3rd period - Deflect By Brandon Prust.
15:22 of 3rd period - Stopped by Jake Allen with a rebound.
15:24 of 3rd period - Snap shot by Brandon Prust.
15:24 of 3rd period - Shot Misses the Net.
15:26 of 3rd period - Slapshot by Lukas Krajicek.
15:26 of 3rd period - Stopped by Jake Allen with a rebound.
15:41 of 3rd period - Slapshot by Dustin Kohn.
15:41 of 3rd period - Stopped by Jake Allen with a rebound.
16:19 of 3rd period - Ben Hanowski is hit by Brock Trotter and loses puck.
17:10 of 3rd period - Snap shot by Lars Eller.
17:10 of 3rd period - Shot Hit the Post.
17:40 of 3rd period - Tomas Kubalik is hit by Andrej Sustr and loses puck.
17:45 of 3rd period - Snap shot by Drew Shore.
17:45 of 3rd period - Stopped by Eddie Lack with a rebound.
17:47 of 3rd period - Snap shot by Nick Leddy.
17:47 of 3rd period - Deflect By Brock Trotter.
17:47 of 3rd period - Stopped by Eddie Lack with a rebound.
18:09 of 3rd period - Brian Dumoulin is hit by Linus Omark and loses puck.
18:22 of 3rd period - Wrist shot by Yannick Weber.
18:22 of 3rd period - Stopped by Eddie Lack with a rebound.
Goals for this period are 1 for Diables vs 3 for Sasquatch.
Shots for this period are 9 for Diables vs 13 for Sasquatch.
Overtime #1
0:01 of 1st overtime period - Mikael Backlund wins face-off versus Tyler Bozak in neutral zone.
0:16 of 1st overtime period - Wrist shot by Kellan Lain.
0:16 of 1st overtime period - Shot Blocked by D.J King.
0:53 of 1st overtime period - Slapshot by Brandon Prust.
0:53 of 1st overtime period - Goal by Brandon Prust - Diables : 6 - Sasquatch : 5.
Goals for this period are 1 for Diables vs 0 for Sasquatch.
Shots for this period are 1 for Diables vs 0 for Sasquatch.
Back to the Top